 Dungeon Crawl Stone Soup version 0.20.1-1-g8b1a95d (webtiles) character file.

52101 letownia2 the Reanimator (level 14, 104/120 HPs)
             Began as a Deep Dwarf Necromancer on Nov 28, 2017.
             Was an Initiate of Gozag.
             Quit the game on level 2 of the Lair of Beasts.
             The game lasted 01:33:38 (20844 turns).

letownia2 the Reanimator (Deep Dwarf Necromancer)  Turns: 20844, Time: 01:33:38

Health: 104/120    AC: 21    Str: 15    XL:     14   Next: 25%
Magic:  51/51      EV: 10    Int: 18    God:    Gozag
Gold:   733        SH:  5    Dex: 15    Spells: 13/32 levels left

rFire    + + .     SeeInvis .   d - staff of power
rCold    x . .     Gourm    .   D - +1 buckler {reflect}
rNeg     + . .     Faith    .   t - +0 fire dragon scales
rPois    +         Spirit   .   U - +2 helmet
rElec    .         Reflect  +   e - scarf {repulsion}
rCorr    .         Harm     .   Y - +2 pair of gloves
MR       ++...                  g - +1 pair of boots
Stlth    +.........             n - amulet of rage
Regen    0.0/turn               o - ring of magical power
MPRegen  0.4/turn               P - ring of poison resistance

@: non-regenerating, repel missiles
A: damage resistance, heal wounds, agile 1, negative energy resistance 1, sense
surroundings 2, no regeneration
a: Heal Wounds, Potion Petition, Call Merchant, Bribe Branch, Renounce Religion,
Evoke Berserk Rage


You were on level 2 of the Lair of Beasts.
You worshipped Gozag.
Gozag was pleased with you.
You were not hungry.

You visited 4 branches of the dungeon, and saw 21 of its levels.
You also visited: Labyrinth.

You collected 6221 gold pieces.
You paid 5488 gold pieces to Gozag.

Inventory:

Hand Weapons
 a - a +2 mace of freezing
 b - a +1 spear of flaming
 c - a +0 blowgun
 h - a +1 flail of holy wrath
 q - a +0 battleaxe
Missiles
 r - 29 poisoned needles
Armour
 e - a scarf of repulsion (worn)
 g - a +1 pair of boots (worn)
 p - a +3 chain mail
 t - +0 fire dragon scales (worn)
 v - a +0 scale mail of poison resistance
 D - a +1 buckler of reflection (worn)
 T - the +1 leather armour "Adopour" {Str-5 Int+10 Dex-3}
   (You took it off Joseph on level 7 of the Dungeon)

   It affects your strength (-5).
   It affects your intelligence (+10).
   It affects your dexterity (-3).
 U - a +2 helmet (worn)
 Y - a +2 pair of gloves (worn)
Magical Staves
 d - an uncursed staff of power (weapon)
Jewellery
 n - an amulet of rage (around neck)
 o - a ring of magical power (left hand)
 G - an uncursed ring of see invisible
 H - an uncursed ring of fire
 P - a ring of poison resistance (right hand)
Wands
 x - a wand of digging (17/24)
 z - a wand of paralysis (8/24)
 A - a wand of acid (6/15)
 I - a wand of iceblast (7/15)
 J - a wand of clouds (4/9)
Scrolls
 i - 3 scrolls of identify
 k - 6 scrolls of teleportation
 u - 2 scrolls of fear
 C - a scroll of recharging
 Q - 5 scrolls of remove curse
 Z - 2 scrolls of immolation
Potions
 f - a potion of agility
 j - a potion of invisibility
 l - a potion of ambrosia
 m - 6 potions of heal wounds
 s - a potion of magic
 B - 2 potions of cancellation
 E - 2 potions of flight
 F - 4 potions of curing
 L - 3 potions of brilliance
 N - 3 potions of might
 O - a potion of haste
 V - 4 potions of lignification
 X - 4 potions of mutation
Miscellaneous
 w - a lightning rod (4/4)
 y - a box of beasts
Comestibles
 K - 16 meat rations


   Skills:
 - Level 6.2 Fighting
 - Level 10.3 Axes
 + Level 10.4 Armour
 - Level 2.1 Dodging
 - Level 2.4 Stealth
 - Level 2.3 Shields
 + Level 9.9 Spellcasting
 - Level 3.5 Conjurations
 - Level 3.1 Charms
 + Level 14.5 Necromancy
 - Level 2.0 Fire Magic
 - Level 4.2 Air Magic
 - Level 3.0 Poison Magic
 - Level 6.1 Evocations


You had 13 spell levels left.
You knew the following spells:

 Your Spells              Type           Power        Failure   Level  Hunger
a - Pain                  Necr           ####         1%          1    None
c - Conjure Flame         Conj/Fire      ###.....     34%         3    None
e - Mephitic Cloud        Conj/Pois/Air  ###.....     26%         3    None
i - Silence               Hex/Air        ###.......   99%         5    #####..
p - Poisonous Vapours     Pois/Air       ###...       13%         2    None
s - Swiftness             Chrm/Air       ###.....     12%         2    None
v - Vampiric Draining     Necr           ######....   1%          3    None


Dungeon Overview and Level Annotations

Branches:
Dungeon (12/15)            Temple (1/1) D:6            Lair (6/6) D:11
  Swamp (0/4) Lair:2        Snake (0/4) Lair:3        Slime (0/5) Lair:5
    Orc (2/2) D:12            Elf (0/3) Orc:2

Altars:
Ashenzari
Cheibriados
Dithmenos
Elyvilon
Fedhas
Gozag
Hepliaklqana
Kikubaaqudgha
Makhleb
Nemelex Xobeh
Okawaru
Qazlal
Ru
Trog
Uskayaw
Vehumet
Xom
Yredelemnul
Zin
The Shining One
Beogh

Shops:
D:8 [   D:10 =   Orc:1 %   Orc:2 }(((?=   Lair:2 =([[

Annotations:
D:3 dscm's ghost, weakling DsGl
D:6 Vourdeox's ghost, novice MiBe
Lair:1 exclusion: oklob plant


Innate Abilities, Weirdness & Mutations

You are resistant to damage.
You can heal yourself by infusing magical energy.
You resist negative energy. (rN+)
You passively map the area around you.
You do not regenerate.
You are agile. (Dex +2)


Message History

[b] 1246 gold - Nyzesucs's General Store [c] 1257 gold - Heurouh's Antique Armour Emporium [d] 1323 gold - Xicwiq's Magic Scroll Boutique Fund which merchant?
You no longer have enough gold to fund merchants seeking to open stores in the dungeon.
Heurouh invites you to visit her Antique Armour Emporium.
You currently need 2000 gold to open negotiations with a merchant.
There is an entrance to Heurouh's Antique Armour Emporium here.
There is a stone staircase leading up, spattered with blood here.
Items here: %%% ) / = ??
Okay, then.
Put on which piece of jewellery? (? for menu, Esc to quit)
Okay, then.
You aren't carrying or standing over any spellbooks.
Unknown command.
Wear which item? (? for menu, Esc to quit)
Okay, then.
Wield which item (- for none, * to show all)? (? for menu, Esc to quit)
Okay, then.
Are you sure you want to abandon this character and quit the game? (Confirm with "yes".)

....................#≈≈≈≈≈≈#...##
....................#≈≈≈≈≈≈##...#
....<...............P≈≈≈≈≈≈≈#....
................>...≈≈≈≈≈≈≈#≈..##
....................≈≈≈≈≈≈≈##..##
....................#########....
.....................########...#
..............∩........####...>.#
..............∩.@..............##
.#....####..P.∩<.....#...#.#..##
.###..####..#.∩......##.....###
.###..##....#.........#...#..#
##..........#........###P.#.##
##.#P.....P##.........##♣.♣.#
#...............§....♣.♣.♣#♣#♣#♣♣
...##......##....§...............
...#P.P...##....§§...♣.♣.♣#♣.♣#♣.


There were no monsters in sight!

Vanquished Creatures
  Gastronok (D:12)
  Azrael (D:12)
  Snorg (Orc:1)
  A minotaur (Lab)
  A hydra (Lair:3)
  8 two-headed ogres
  7 orc high priests
  2 orc knights (Orc:1)
  A deep elf mage (D:12)
  An orc sorcerer (Orc:2)
  2 manticores
  5 black mambas
  Psyche (D:10)
  Maurice (Orc:1)
  2 cyclopes
  Joseph (D:7)
  A torpor snail (Lair:3)
  13 spiny frogs
  2 gargoyles
  2 komodo dragons (Lair:3)
  4 rime drakes
  4 trolls
  4 polar bears
  A hornet (D:11)
  10 blink frogs
  3 hippogriffs
  A vampire (D:12)
  2 spriggans (Lair:3)
  2 wyverns
  24 yaks
  2 fire elementals (D:12)
  3 vampire mosquitoes
  2 basilisks
  A steam dragon (D:12)
  2 hungry ghosts
  2 wraiths
  2 insubstantial wisps (D:11)
  13 wargs
  10 water moccasins
  4 hell hounds (D:12)
  2 soldier ants (D:11)
  4 porcupines
  22 orc warriors
  5 ice beasts
  3 sky beasts (D:11)
  A hornet zombie (D:10)
  4 phantoms
  3 black bears
  2 eyes of draining
  7 centaurs
  17 ogres
  12 wolves
  7 crocodiles
  A big kobold (D:12)
  13 bullfrogs
  2 gnoll sergeants
  An earth elemental (Lab)
  A wyvern zombie (D:8)
  2 water moccasin skeletons
  6 scorpions
  4 wights (D:7)
  5 howler monkeys
  2 electric eels (Lair:2)
  9 crimson imps
  2 centaur skeletons
  6 hounds
  A quasit (D:10)
  2 jellies
  44 orc priests
  23 orc wizards
  A bullfrog skeleton (D:5)
  8 worker ants
  2 iguanas
  5 hell rats (Lair:3)
  A killer bee zombie (D:6)
  A hound zombie (D:5)
  A hound skeleton (D:9)
  A worker ant zombie (D:7)
  9 gnolls
  A howler monkey skeleton (D:3)
  17 adders
  7 shadow imps
  An adder skeleton (D:4)
  3 worms (D:2)
  4 dart slugs
  4 leopard geckos
  101 orcs
  4 bats
  3 giant cockroaches
  7 hobgoblins
  7 jackals
  4 quokkas
  5 ball pythons
  5 frilled lizards
  10 goblins
  2 goblin skeletons (D:5)
  5 hobgoblin zombies (D:5)
  15 kobolds
  A kobold zombie (D:5)
  2 leopard gecko skeletons
  An orc skeleton (D:5)
  An orc zombie (D:5)
  A quokka zombie (D:6)
  9 rats
  A plant (Lair:2)
613 creatures vanquished.

Vanquished Creatures (others)
  Nessos (Orc:2)
  13 fungi
  43 plants
57 creatures vanquished.

Grand Total: 670 creatures vanquished

Notes
Turn   | Place    | Note
-------+----------+-------------------------------------------
     0 | D:1      | letownia2 the Deep Dwarf Necromancer began the quest for the Orb.
     0 | D:1      | Reached XP level 1. HP: 15/15 MP: 3/3
   115 | D:1      | You fall through a shaft!
   288 | D:3      | Reached XP level 2. HP: 22/22 MP: 3/5
   356 | D:3      | Found a shadowy altar of Dithmenos.
   593 | D:4      | Found a snail-covered altar of Cheibriados.
   618 | D:4      | Noticed a scorpion
   626 | D:4      | Killed a scorpion
   626 | D:4      | Reached skill level 5 in Necromancy
   626 | D:4      | Reached XP level 3. HP: 21/28 MP: 1/6
   626 | D:4      | Reached XP level 4. HP: 27/36 MP: 1/7
   719 | D:4      | Learned a level 3 spell: Vampiric Draining
   751 | D:4      | Reached skill level 6 in Necromancy
   832 | D:5      | Entered Level 5 of the Dungeon
   940 | D:5      | Reached XP level 5. HP: 31/42 MP: 0/8
  1103 | D:5      | Noticed an ogre
  1113 | D:5      | Noticed an ogre
  1127 | D:5      | Killed an ogre
  1127 | D:5      | Reached skill level 7 in Necromancy
  1260 | D:5      | Reached XP level 6. HP: 41/49 MP: 1/9
  1388 | D:5      | Reached skill level 8 in Necromancy
  1494 | D:4      | You fall through a shaft for 2 floors!
  1494 | D:6      | Found a bloodstained altar of Trog.
  2012 | D:4      | Reached skill level 1 in Fighting
  2012 | D:4      | Reached skill level 1 in Armour
  2190 | D:4      | Reached XP level 7. HP: 53/57 MP: 2/11
  2273 | D:4      | Found a shimmering altar of Xom.
  2279 | D:4      | Found an opulent altar of Gozag.
  2279 | D:4      | Found a bloodstained altar of Trog.
  2418 | D:4      | Found a hide-covered altar of Uskayaw.
  2418 | D:4      | Found an iron altar of Okawaru.
  2418 | D:4      | Found a deep blue altar of Sif Muna.
  2967 | D:5      | Reached XP level 8. HP: 51/69 MP: 2/12
  3295 | D:6      | Reached skill level 9 in Necromancy
  3410 | D:6      | Noticed a dagger
  3410 | D:6      | Noticed a dagger
  3412 | D:6      | Found a hide-covered altar of Uskayaw.
  3529 | D:6      | Noticed Vourdeox's ghost (novice MiBe)
  3533 | D:6      | Found a staircase to the Ecumenical Temple.
  3542 | Temple   | Entered the Ecumenical Temple
  3600 | Temple   | Became a worshipper of Gozag Ym Sagoz the Greedy
  3824 | D:5      | Found a glowing golden altar of the Shining One.
  4003 | D:3      | Noticed dscm's ghost (weakling DsGl)
  4171 | D:3      | Found a sacrificial altar of Ru.
  4535 | D:2      | Reached skill level 1 in Axes
  6021 | D:7      | Noticed Joseph
  6321 | D:7      | Noticed a two-headed ogre
  6397 | D:7      | Found a shimmering altar of Xom.
  6400 | D:7      | Reached skill level 5 in Spellcasting
  6413 | D:7      | Killed a two-headed ogre
  6413 | D:7      | Gained mutation: You passively map the area around you. [Deep Dwarf growth]
  6413 | D:7      | Reached XP level 9. HP: 42/76 MP: 0/19
  6606 | D:7      | Found a hazy altar of Hepliaklqana.
  6818 | D:7      | Found a burning altar of Makhleb.
  6862 | D:7      | Killed Joseph
  6865 | D:7      | Got an ancient leather armour
  6881 | D:7      | Identified the +1 leather armour "Adopour" {Str-5 Int+10 Dex-3} (You took it off Joseph on level 7 of the Dungeon)
  7059 | D:7      | Found a basalt altar of Yredelemnul.
  7171 | D:8      | Noticed a two-headed ogre
  7173 | D:8      | Noticed a two-headed ogre
  7186 | D:8      | Killed a two-headed ogre
  7186 | D:8      | Reached XP level 10. HP: 65/84 MP: 16/23
  7211 | D:8      | Killed a two-headed ogre
  7234 | D:8      | Reached skill level 5 in Evocations
  7413 | D:8      | Noticed a two-headed ogre
  7438 | D:8      | Killed a two-headed ogre
  7438 | D:8      | Reached skill level 1 in Shields
  7696 | D:8      | Found a glowing golden altar of the Shining One.
  7696 | D:8      | Found a stormy altar of Qazlal.
  7700 | D:8      | Found a hazy altar of Hepliaklqana.
  8133 | D:9      | Got a transparent leather armour
  8427 | D:9      | Reached skill level 10 in Necromancy
  8616 | D:9      | Identified the +3 leather armour "Ofrikhla" {rN+} (You found it on level 9 of the Dungeon)
  8836 | D:9      | Reached skill level 5 in Axes
  8956 | D:10     | Entered Level 10 of the Dungeon
  9171 | D:10     | Noticed a two-headed ogre
  9177 | D:10     | Killed a two-headed ogre
  9177 | D:10     | Reached XP level 11. HP: 41/92 MP: 24/24
  9250 | D:10     | Noticed Psyche
  9258 | D:10     | Killed Psyche
  9385 | D:10     | Reached skill level 11 in Necromancy
  9487 | D:10     | Learned a level 2 spell: Poisonous Vapours
  9491 | D:10     | Learned a level 3 spell: Conjure Flame
  9494 | D:10     | Learned a level 2 spell: Swiftness
  9498 | D:10     | Learned a level 3 spell: Mephitic Cloud
  9893 | D:11     | Reached skill level 1 in Conjurations
  9923 | D:11     | Reached skill level 1 in Fire Magic
  9971 | D:11     | Reached skill level 1 in Poison Magic
  9997 | D:11     | Reached skill level 1 in Air Magic
 10082 | D:11     | Reached skill level 1 in Charms
 10178 | D:11     | Found a shattered altar of Ashenzari.
 10547 | D:11     | Found a staircase to the Lair.
 10851 | D:12     | Noticed a two-headed ogre
 10871 | D:12     | Killed a two-headed ogre
 10940 | D:12     | Noticed Gastronok
 10994 | D:12     | Found a labyrinth entrance.
 11011 | Lab      | Entered a labyrinth
 11298 | Lab      | Found an exit through the horrors of the Abyss.
 11312 | Lab      | Gained mutation: You are agile. (Dex +2) [potion of mutation]
 11340 | Lab      | Found an exit through the horrors of the Abyss.
 11358 | Lab      | Found an exit through the horrors of the Abyss.
 11426 | Lab      | Noticed a minotaur
 11439 | Lab      | Killed a minotaur
 11937 | D:12     | Reached skill level 5 in Armour
 12003 | D:12     | Noticed a two-headed ogre
 12036 | D:12     | Killed a two-headed ogre
 12105 | D:12     | Reached XP level 12. HP: 96/99 MP: 14/25
 12277 | D:12     | Noticed Azrael
 12287 | D:12     | Killed Azrael
 12433 | D:12     | Found a staircase to the Orcish Mines.
 12627 | D:12     | Noticed a two-headed ogre
 12640 | D:12     | Killed a two-headed ogre
 12705 | Lair:1   | Entered Level 1 of the Lair of Beasts
 12948 | Lair:1   | Reached skill level 5 in Fighting
 13237 | Lair:1   | Identified the Compendium of Captivating Calling
 13244 | Lair:1   | Learned a level 5 spell: Silence
 13263 | Lair:1   | Found a shattered altar of Ashenzari.
 13365 | Lair:2   | Found a staircase to the Swamp.
 13596 | Lair:2   | Reached skill level 12 in Necromancy
 13979 | D:12     | Killed Gastronok
 14115 | Orc:1    | Entered Level 1 of the Orcish Mines
 14115 | Orc:1    | Found a roughly hewn altar of Beogh.
 14149 | Orc:1    | Noticed Snorg
 14643 | Lair:2   | Reached XP level 13. HP: 81/111 MP: 26/26
 15624 | Lair:3   | Found a staircase to the Snake Pit.
 16444 | Lair:4   | Reached skill level 13 in Necromancy
 16665 | Lair:6   | Entered Level 6 of the Lair of Beasts
 16821 | Lair:6   | Reached skill level 10 in Axes
 17999 | Orc:1    | Killed Snorg
 18405 | Orc:2    | Entered Level 2 of the Orcish Mines
 18405 | Orc:2    | Found Apanieb's Gadget Shoppe.
 18405 | Orc:2    | Noticed Maurice
 18423 | Orc:1    | Killed Maurice
 18869 | Orc:1    | Found Oziuxa's Food Emporium.
 19070 | Orc:2    | Found Iraul's Jewellery Boutique.
 19229 | Orc:2    | Reached skill level 14 in Necromancy
 19229 | Orc:2    | Gained mutation: You resist negative energy. (rN+) [Deep Dwarf growth]
 19229 | Orc:2    | Reached XP level 14. HP: 109/120 MP: 23/27
 19281 | Orc:2    | Found a staircase to the Elven Halls.
 19420 | Orc:2    | Noticed Nessos
 19431 | Orc:2    | Killed Nessos
 19431 | Orc:2    | Reached skill level 10 in Armour
 20049 | Orc:2    | Found Ykid's Weapon Shop.
 20049 | Orc:2    | Found Wuitim's Magic Scroll Shoppe.
 20180 | Orc:2    | Found a roughly hewn altar of Beogh.
 20365 | Orc:2    | Found Goroown's Weapon Shop.
 20365 | Orc:2    | Found Jutaalue's Antique Weapon Shoppe.
 20844 | Lair:2   | Quit the game

Skill      XL: |  1  2  3  4  5  6  7  8  9 10 11 12 13 14 |
---------------+-------------------------------------------+-----
Spellcasting   | 2 3 6 9 |  9.9
Necromancy     | 5 6 7 8 9 10 11 12 14 | 14.5
Fighting       | 1 3 4 6 |  6.2
Armour         | 1 3 4 5 6 9 10 | 10.4
Axes           | 2 5 6 8 10 | 10.3
Evocations     | 6 |  6.1
Shields        | 2 |  2.3
Conjurations   | 3 |  3.5
Fire Magic     | 2 |  2.0
Poison Magic   | 3 |  3.0
Air Magic      | 3 4 |  4.2
Charms         | 3 |  3.1
Dodging        | |  2.1
Stealth        | |  2.4

Action                   |  1- 3 |  4- 6 |  7- 9 | 10-12 | 13-15 || total
-------------------------+-------+-------+-------+-------+-------++-------
Melee: Dagger            |    18 |    31 |    65 |       |       ||   114
       War axe           |       |       |   259 |       |       ||   259
       Mace              |       |       |    61 |   421 |   214 ||   696
       Spear             |       |       |       |    91 |    19 ||   110
       Staff             |       |       |       |    10 |    58 ||    68
       Flail             |       |       |       |     4 |       ||     4
 Fire: Blowgun           |       |       |       |    24 |       ||    24
       Hunting sling     |       |       |       |     7 |       ||     7
Throw: Throwing net      |       |       |       |     1 |       ||     1
 Cast: Pain              |    26 |    45 |    40 |    79 |   219 ||   409
       Vampiric Draining |       |    29 |    80 |   248 |   323 ||   680
       Poisonous Vapours |       |       |       |    78 |    25 ||   103
       Conjure Flame     |       |       |       |    46 |    37 ||    83
       Mephitic Cloud    |       |       |       |    16 |    20 ||    36
Invok: Call Merchant     |       |       |       |     3 |     3 ||     6
Evoke: Wand              |       |     1 |     3 |    32 |    20 ||    56
  Use: Scroll            |       |     5 |     1 |    20 |     9 ||    35
       Potion            |       |       |       |     2 |       ||     2
 Stab: Sleeping          |       |     1 |     5 |     2 |       ||     8
       Paralysed         |       |       |       |    33 |    23 ||    56
       Distracted        |       |       |       |     1 |     2 ||     3
       Confused          |       |       |       |     1 |     2 ||     3
  Eat: Chunk             |       |     8 |     7 |       |       ||    15
       Royal jelly       |       |       |     2 |     9 |     2 ||    13
       Bread ration      |       |       |     1 |     1 |       ||     2
       Meat ration       |       |       |     1 |       |     2 ||     3
       Fruit             |       |       |       |     9 |     5 ||    14
Armor: Robe              |     2 |     3 |       |       |       ||     5
       Ring mail         |       |    21 |   228 |       |       ||   249
       Leather armour    |       |       |    13 |   235 |     5 ||   253
       Fire dragon scale |       |       |       |       |   415 ||   415
Dodge: Dodged            |    22 |    32 |   329 |   328 |   331 ||  1042
       Deflected         |       |       |       |     9 |     1 ||    10
Block: Buckler           |       |       |     4 |   177 |   222 ||   403
       Reflection        |       |       |       |       |     3 ||     3
